 Dungeon Crawl Stone Soup version 0.31-a0-986-g5e6e4ef867 (webtiles) character file.

Game seed: 10330998962624985796

11605 Hubris850 the Spear-Bearer (level 11, -1/89 HPs)
             Began as a Green Draconian Shapeshifter on Nov 9, 2023.
             Was a Believer of Nemelex Xobeh.
             Slain by a wyvern (6 damage)
             ... while petrified by a catoblepas
             ... on level 1 of the Lair of Beasts.
             The game lasted 00:33:56 (9403 turns).

Hubris850 the Spear-Bearer (DrSh)                   Turns: 9403, Time: 00:33:57

Health: -1/89      AC: 10    Str: 18    XL:     11   Next: 51%
Magic:  14/14      EV:  2    Int: 12    God:    Nemelex Xobeh [**....]
Gold:   604        SH:  0    Dex: 12    Spells: 10/10 levels left

rFire   + . .        C - +9 lance "Wyrmbane" {slay drac, rPois rF+ rC+ AC+3}
rCold   + . .        F - +1 buckler {rN+}
rNeg    + + +        (body armour unavailable)
rPois   ∞            (helmet currently unavailable)
rElec   .            (cloak currently unavailable)
rCorr   .            (gloves currently unavailable)
SInv    .            s - melded +1 pair of boots
Will    +....        L - amulet of regeneration
Stlth   ++           r - ring of willpower
HPRegen 1.14/turn    O - +5 ring of evasion
MPRegen 0.14/turn

%: no passive effects
@: short of breath, beast-form, petrified
A: beast (slay +4), breathe noxious fumes, AC +7, unfitting armour, poison
resistance, cold-blooded
a: Breathe Noxious Fumes, Begin Untransformation, Renounce Religion, Draw
Escape, Draw Destruction, Draw Summoning


You were on level 1 of the Lair of Beasts.
You worshipped Nemelex Xobeh.
Nemelex Xobeh was pleased with you.
You were a hulking beast.
You visited 3 branches of the dungeon, and saw 11 of its levels.
You also visited: Sewer and Bailey.

You collected 801 gold pieces.
You spent 197 gold pieces at shops.

Inventory:

Hand Weapons
 j - the +6 dagger "Kuagoppao" {freeze, Will+ Str+5 Int+2}
   (You found it on level 2 of the Dungeon)

   Str+5:     It affects your strength (+5).
   Int+2:     It affects your intelligence (+2).
   Will+:     It increases your willpower.
 o - a +1 war axe of electrocution
 x - the +0 whip of Law {pain, rC- Int+6}
   (You found it on level 5 of the Dungeon)

   Int+6:     It affects your intelligence (+6).
   rC-:       It makes you vulnerable to cold.
 y - a +2 dagger of venom
 B - a +2 dagger of electrocution
 C - the +9 lance "Wyrmbane" (weapon) {slay drac, rPois rF+ rC+ AC+3}
   (You took it off Maggie on level 6 of the Dungeon)

   AC+3:      It affects your AC (+3).
   rF+:       It protects you from fire.
   rC+:       It protects you from cold.
   rPois:     It protects you from poison
 D - a +3 short sword of protection
 I - a +4 morningstar
Missiles
 g - 3 javelins
 z - 29 poisoned darts (quivered)
 H - 6 curare-tipped darts
 P - 17 boomerangs
 S - 8 datura-tipped darts
 T - 3 atropa-tipped darts
 U - 2 throwing nets
Armour
 s - a +1 pair of boots (melded)
 v - a +0 helmet
 F - a +1 buckler of positive energy (worn)
Jewellery
 r - a ring of willpower (left hand)
 L - an amulet of regeneration (around neck)
 O - a +5 ring of evasion (right hand)
Talismans
 b - a beast talisman (active)
 c - a flux talisman
 N - a blade talisman
Wands
 m - a wand of flame (18)
 p - a wand of iceblast (2)
 w - a wand of paralysis (24)
 Q - a wand of digging (3)
Scrolls
 e - 3 scrolls of enchant armour
 f - 2 scrolls of blinking
 k - a scroll of amnesia
 u - a scroll of revelation
 A - a scroll of teleportation
 E - a scroll of silence
 V - a scroll of enchant weapon
Potions
 a - 5 potions of lignification
 d - 7 potions of curing
 h - a potion of cancellation
 i - 2 potions of degeneration
 l - 5 potions of heal wounds
 n - 6 potions of mutation
 q - 7 potions of enlightenment
 t - a potion of ambrosia
 G - a potion of might {unknown}
 J - a potion of invisibility {unknown}
 K - 2 potions of haste {unknown}
 M - 2 potions of attraction {unknown}
 R - a potion of resistance {unknown}
 X - a potion of berserk rage {unknown}


   Skills:
 - Level 6.0 Fighting
 + Level 8.9 Polearms
 - Level 7.0 Dodging
 - Level 3.0 Stealth
 - Level 4.0 Shields
 - Level 8.0 Unarmed Combat
 + Level 4.2 Invocations
 + Level 3.9 Evocations
 - Level 8.0 Shapeshifting


You had 10 spell levels left.
You didn't know any spells.
Your spell library contained the following spells:

 Spells                   Type           Power      Damage    Failure   Level
 Shock                    Conj/Air       0%         1d3       38%         1
 Slow                     Hex            0%         N/A       38%         1
 Cigotuvi's Dreadful Rot  Necr/Pois/Air  0%         N/A       54%         2
 Confusing Touch          Hex            0%         N/A       77%         3
 Sigil of Binding         Hex            0%         N/A       77%         3
 Swiftness                Air            0%         N/A       77%         3
 Vampiric Draining        Necr           0%         2d6       77%         3
 Airstrike                Air            0%         2d(0-16)  99%         4
 Animate Dead             Necr           0%         N/A       99%         4
 Summon Lightning Spire   Summ/Air       0%         N/A       99%         4
 Plasma Beam              Fire/Air       0%         2x1d10    100%        6
 Haunt                    Necr/Summ      0%         N/A       100%        7
 Infestation              Necr           0%         N/A       100%        8
 Maxwell's Capacitive Co  Air            0%         ∞         100%        8


Dungeon Overview and Level Annotations

Branches:
Dungeon (9/15)             Temple (1/1) D:7            Lair (1/5) D:8
  Sewer (visited)          Bailey (visited)
    Orc: D:9-12

Altars:
Ashenzari
Cheibriados
Dithmenos
Elyvilon
Fedhas
Gozag
Hepliaklqana
Kikubaaqudgha
Makhleb
Nemelex Xobeh
Okawaru
Qazlal
Ru
Sif Muna
Uskayaw
Vehumet
Wu Jian
Xom
Yredelemnul
Zin
The Shining One

Shops:
D:3 (:?   D:5 [

Annotations:
D:4 3 runed translucent doors, p00ps00p's ghost, amateur HOFi
D:5 exclusion: oklob plant
D:8 2 transporters


Innate Abilities, Weirdness & Mutations

You are a hulking beast.
Your limbs bulge with bestial killing power. (Slay +4)
You can breathe blasts of noxious fumes.
Your lurid green scales are hard. (AC +7)
You cannot fit into any form of body armour.
Your system is resistant to poisons. (rPois)
You are cold-blooded and may be slowed by cold attacks.


Message History

The catoblepas gores you!!
The wyvern bites you but does no damage.
Unknown command.
Unknown command.
Unknown command.
You puncture the catoblepas!
You kill the catoblepas!
You are engulfed in calcifying dust.
The wyvern closely misses you.
Your limbs are stiffening.
Your Invocations skill increases to level 4!
Unknown command.
Unknown command.
You block the wyvern's attack. The wyvern barely misses you.
You have turned to stone.
The wyvern bites you but does no damage. x2
The wyvern bites you!
* * * LOW HITPOINT WARNING * * *
The wyvern bites you.
* * * LOW HITPOINT WARNING * * *
The wyvern bites you!
* * * LOW HITPOINT WARNING * * *
The wyvern bites you!
* * * LOW HITPOINT WARNING * * *
The wyvern bites you.
* * * LOW HITPOINT WARNING * * *
The wyvern bites you.
* * * LOW HITPOINT WARNING * * *
The wyvern bites you!
* * * LOW HITPOINT WARNING * * *
The wyvern bites you but does no damage.
The wyvern bites you!
* * * LOW HITPOINT WARNING * * *
The wyvern bites you!
* * * LOW HITPOINT WARNING * * *
The wyvern barely misses you. The wyvern bites you.
* * * LOW HITPOINT WARNING * * *
The wyvern bites you!
You die...
Your body glows slightly and disappears.

#...................
#..........#..##.##.
#....###...#......#.
##....# #..........#.
#.....# #...#........ .
##..[## #...#......#. ...
###...# #...+........
.....#P#†..####..........#.
.........lh.......#......#.
.........####P.....+##..##.
.............+......[†<....
.........#............####.
.........#...#.......†#..+.
.Y..####.....#.............
.... P..#.##........####.
... ...................
.#####.............


You could see a wyvern.

Vanquished Creatures
  A catoblepas (Lair:1)
  2 two-headed ogres (D:8)
  An orc knight (Bailey)
  A cane toad (Lair:1)
  Maggie (D:6)
  2 kobold demonologists (D:6)
  2 hornets (D:9)
  4 wyverns
  12 yaks
  A vampire (D:9)
  Eustachio (D:6)
  2 basilisks
  A steam dragon (D:8)
  Menkaure (D:5)
  5 water moccasins
  4 orc warriors (Bailey)
  2 black bears
  An ice beast (D:4)
  An ogre (D:6)
  8 kobold brigands
  A gnoll sergeant (D:9)
  4 scorpions
  7 bullfrogs
  Blork the orc (D:6)
  18 wights
  5 killer bees (D:7)
  2 howler monkeys
  2 orc priests
  4 hounds (D:5)
  3 jellies
  A sleepcap (D:5)
  6 iguanas
  Ijyb (D:5)
  7 orc wizards
  8 gnolls
  10 adders
  5 river rats (Sewer)
  A white imp (D:6)
  2 worms
  3 dart slugs
  18 orcs
  7 endoplasms
  4 giant cockroaches
  4 goblins
  6 hobgoblins
  4 jackals
  39 kobolds
  3 quokkas
  12 ball pythons
  14 bats
  6 frilled lizards
261 creatures vanquished.

Notes
Turn   | Place    | Note
-------+----------+-------------------------------------------
     0 | D:1      | Hubris850 the Draconian Shapeshifter began the quest for
                  | the Orb.
     0 | D:1      | Reached XP level 1. HP: 16/16 MP: 1/1
   565 | D:1      | Reached XP level 2. HP: 19/23 MP: 2/2
   810 | D:2      | Identified the +6 dagger "Kuagoppao" {freeze, Will+ Str+5
                  | Int+2}
  1139 | D:2      | Reached XP level 3. HP: 28/28 MP: 3/3
  1289 | D:2      | Found a faded altar of an unknown god.
  1991 | D:3      | Reached XP level 4. HP: 35/35 MP: 4/4
  2136 | D:3      | Found Giblul's Weapon Boutique.
  2230 | D:3      | Found Testamme's Book Emporium.
  2298 | D:3      | Found Vaulelo's Magic Scroll Shoppe.
  2301 | D:3      | Bought a scroll of identify for 22 gold pieces
  2442 | D:4      | Found a runed translucent gate.
  2442 | D:4      | Found a runed translucent gate.
  2443 | D:4      | Found a runed translucent gate.
  2444 | D:4      | Noticed an orc warrior
  2445 | D:4      | Identified the +1 leather armour of Dangucup {rPois}
  2445 | D:4      | Noticed p00ps00p's ghost (amateur HOFi)
  2670 | D:4      | Noticed a scorpion
  2676 | D:4      | Killed a scorpion
  2677 | D:4      | Reached XP level 5. HP: 40/40 MP: 5/5
  2742 | D:4      | Found an ornate altar of the Wu Jian Council.
  2761 | D:4      | Noticed an ice beast
  2770 | D:4      | Killed an ice beast
  2771 | D:4      | Reached skill level 5 in Unarmed Combat
  2771 | D:4      | Reached XP level 6. HP: 38/47 MP: 6/6
  2864 | D:4      | Found a sacrificial altar of Ru.
  2876 | D:4      | Found a shadowy altar of Dithmenos.
  2958 | D:4      | Reached skill level 5 in Shapeshifting
  3318 | D:5      | Entered Level 5 of the Dungeon
  3397 | D:5      | Noticed Ijyb
  3411 | D:5      | Killed Ijyb
  3546 | D:5      | Identified the +0 whip of Law {pain, rC- Int+6}
  3570 | D:5      | Your scales start taking on a lurid green colour.
  3570 | D:5      | Reached XP level 7. HP: 52/52 MP: 7/7
  3570 | D:5      | Gained mutation: Your system is resistant to poisons.
                  | (rPois) [Green Draconian growth]
  3761 | D:5      | Reached skill level 1 in Stealth
  4201 | D:5      | Found Rimm's Armour Emporium.
  4204 | D:5      | Bought a +1 buckler of positive energy for 175 gold pieces
  4406 | D:5      | Noticed Menkaure
  4415 | D:5      | Killed Menkaure
  4416 | D:5      | Reached XP level 8. HP: 25/59 MP: 8/8
  4586 | D:5      | Found a blossoming altar of Fedhas.
  4600 | D:5      | Noticed an oklob plant
  5293 | D:6      | Noticed Maggie
  5320 | D:6      | Killed Maggie
  5321 | D:6      | Reached skill level 1 in Shields
  5404 | D:6      | Noticed a kobold demonologist
  5405 | D:6      | Noticed a kobold demonologist
  5415 | D:6      | Killed a kobold demonologist
  5416 | D:6      | Reached skill level 1 in Polearms
  5423 | D:6      | Killed a kobold demonologist
  5424 | D:6      | Reached XP level 9. HP: 62/68 MP: 9/9
  5439 | D:6      | Found a glowing drain.
  5450 | Sewer    | Entered a sewer
  6257 | D:6      | Noticed Blork the orc
  6277 | D:6      | Killed Blork the orc
  6519 | D:6      | Noticed Eustachio
  6534 | D:6      | Killed Eustachio
  6598 | D:6      | Found a glowing silver altar of Zin.
  6598 | D:6      | Noticed an angel
  6653 | D:7      | Found a staircase to the Ecumenical Temple.
  6688 | Temple   | Entered the Ecumenical Temple
  6727 | Temple   | Became a worshipper of Nemelex Xobeh the Trickster
  7297 | D:8      | Identified the "Yfes"
  7305 | D:8      | Noticed a two-headed ogre
  7319 | D:8      | Killed a two-headed ogre
  7320 | D:8      | Reached skill level 5 in Fighting
  7320 | D:8      | Reached XP level 10. HP: 63/81 MP: 10/10
  7383 | D:8      | Reached skill level 5 in Dodging
  7387 | D:8      | Reached skill level 5 in Polearms
  7494 | D:8      | Found a stormy altar of Qazlal.
  7588 | D:8      | Found a transporter.
  7589 | D:8      | Found a transporter.
  7594 | D:8      | Noticed a centaur warrior
  7604 | D:8      | Found an iron altar of Okawaru.
  7655 | D:8      | Found a staircase to the Lair.
  7707 | D:8      | Found a snail-covered altar of Cheibriados.
  7707 | D:8      | Found an opulent altar of Gozag.
  7855 | D:8      | Noticed a two-headed ogre
  7864 | D:8      | Killed a two-headed ogre
  7985 | D:8      | Found a shimmering blue altar of Sif Muna.
  8047 | D:8      | Found an ancient bone altar of Kikubaaqudgha.
  8054 | D:8      | Found a burning altar of Makhleb.
  8074 | D:8      | Found a basalt altar of Yredelemnul.
  8085 | D:8      | Found a white marble altar of Elyvilon.
  8093 | D:8      | Found a shimmering altar of Xom.
  8114 | D:8      | Reached * piety under Nemelex Xobeh
  8248 | D:9      | Reached XP level 11. HP: 81/89 MP: 11/11
  8295 | D:9      | Found a flagged portal.
  8335 | D:9      | Reached skill level 1 in Invocations
  8350 | Bailey   | Entered a bailey
  8387 | Bailey   | Reached skill level 1 in Evocations
  8584 | Bailey   | Noticed an orc knight
  8598 | Bailey   | Killed an orc knight
  8646 | Bailey   | Received a gift from Nemelex Xobeh
  8646 | Bailey   | Identified the +4 chain mail "Hiossyxt" {Regen+}
  8647 | Bailey   | Found an iron altar of Okawaru.
  8841 | D:9      | Identified the +3 scale mail "Lammaus" {Will+}
  8878 | D:9      | Reached ** piety under Nemelex Xobeh
  9145 | Lair:1   | Identified the "Sucar"
  9145 | Lair:1   | Entered Level 1 of the Lair of Beasts
  9365 | Lair:1   | Noticed a catoblepas
  9392 | Lair:1   | Killed a catoblepas
  9401 | Lair:1   | HP: 3/89 [wyvern (5)]
  9403 | Lair:1   | Slain by a wyvern

Illustrated notes

Levels and vault maps discovered:
D:1:      dpeg_arrival_arbitrary_c, layout_loops_corners
D:2:      layout_basic, shapermc_ecumenical_altar_totnotflames
D:3:      layout_rooms, serial_shops, shop, shop, nicolae_shop_rolled_up,
          minmay_misc_feat_square, minmay_misc_feat_nine_boxes
D:4:      layout_rooms, nicolae_dithmenos_shadow_blocks,
          nicolae_wu_jian_wuxing_cycle, nicolae_ru_the_path_less_chosen,
          biasface_ghost_orc_armoury, serial_corexii_hall,
          corexii_hall_statues_l, corexii_hall_statues_t,
          chequers_hall_statues_corner_a, corexii_hall_statues_x
D:5:      kennysheep_kobold_camp, layout_loops_cross, tgw_fedhas, serial_shops,
          kennysheep_mini, uniq_ijyb, uniq_menkaure
D:6:      layout_basic, zin_angel, cheibrodos_sewer_entry_bend, uniq_eustachio,
          uniq_blork_the_orc, uniq_maggie
D:7:      layout_basic, minmay_temple_entry_grid
D:8:      layout_rooms, gammafunk_temple_overflow_arena, led_sif_book,
          grunt_temple_overflow_octagram, lemuel_round_altar,
          minmay_lair_entry_grove, abandoned_shop, kennysheep_generic_room_4
D:9:      layout_basic, enter_bailey_8
Temple:   hellmonk_temple_beads
Lair:1:   layout_chaotic_city, grunt_megastairs_2, uniq_sonja

Skill      XL: |  1  2  3  4  5  6  7  8  9 10 11 |
---------------+----------------------------------+-----
Unarmed Combat | 4 5 6 7 8 |  8.0
Shapeshifting  | 4 5 6 7 8 |  8.0
Stealth        | 2 3 |  3.0
Shields        | 2 4 |  4.0
Polearms       | 1 4 7 8 |  8.9
Dodging        | 2 4 7 |  7.0
Fighting       | 2 5 6 |  6.0
Invocations    | 4 |  4.2
Evocations     | 3 |  3.9

Action                     |  1- 3 |  4- 6 |  7- 9 | 10-12 || total
---------------------------+-------+-------+-------+-------++-------
  Melee: Unarmed           |    25 |       |    22 |       ||    47
         Tailslap          |     4 |     7 |    40 |    34 ||    85
         Punch             |     3 |     1 |     2 |       ||     6
         Dagger            |    55 |    81 |    69 |       ||   205
         Lance             |       |       |   172 |   353 ||   525
  Throw: Javelin           |       |     1 |     1 |       ||     2
         Dart              |       |       |     4 |    10 ||    14
Ability: Breathe Noxious F |       |       |     8 |     3 ||    11
         Begin Untransform |       |       |     1 |       ||     1
  Evoke: Wand              |       |     7 |    17 |       ||    24
    Use: Scroll            |       |     9 |       |     9 ||    18
         Potion            |       |     1 |     1 |       ||     2
   Stab: Sleeping          |     2 |     2 |     8 |     3 ||    15
         Paralysed         |       |       |     8 |       ||     8
         Confused          |       |       |     9 |     1 ||    10
 Armour: Skin              |    33 |    45 |   116 |   112 ||   306
  Dodge: Dodged            |    45 |    40 |    95 |   198 ||   378
  Block: Buckler           |       |       |    32 |    68 ||   100
   Form: Beast             |       |       |     1 |       ||     1

Table legend: (Time is in decaauts)
 A = Elapsed time spent in this place.
 B = Non-inter-level travel time spent in this place.
 C = Inter-level travel time spent in this place.
 D = Time resting spent in this place.
 E = Time spent auto-exploring this place.
 F = Levels seen in this place.
 G = Mean time per level.
                   A        B        C        D        E       F      G
               +--------+--------+--------+--------+--------+-----+--------+
         Total |   9524 |   9254 |    270 |    836 |   6121 |  13 |  732.6 |
       Dungeon |   8152 |   7918 |    234 |    757 |   5500 |   9 |  905.8 |
        Temple |     64 |     29 |     35 |      0 |      0 |   1 |   64.0 |
          Lair |    242 |    242 |      0 |     12 |    114 |   1 |  242.0 |
         Sewer |    736 |    736 |      0 |      0 |    507 |   1 |  736.0 |
        Bailey |    328 |    328 |      0 |     67 |      0 |   1 |  328.0 |
               +--------+--------+--------+--------+--------+-----+--------+

Top non-repeatable levels by time:
     D:5: 1706 daAuts
     D:6: 1058 daAuts
     D:2: 991 daAuts
     D:8: 919 daAuts
     D:4: 888 daAuts
     D:1: 806 daAuts
   Sewer: 736 daAuts
     D:3: 631 daAuts
     D:7: 593 daAuts
     D:9: 557 daAuts
  Bailey: 328 daAuts
  Lair:1: 242 daAuts
  Temple: 64 daAuts
